AoeStats
← matiascronopios

Arabia

510607328Analyzed
1v1 RM · 10h ago on Oct 1, 2026· 31m 26s· 2 players
Game mode
Random Map
Map size
Tiny (2 player)
Population
200
Speed
Normal
Resources
Standard
Victory
Conquest
Starting age
Dark Age
Ending age
Imperial Age
RankedLock teamsTeams togetherTeam positionsShared explorationLock speedFull tech treeHidden civsTurbo modeCheats
Victory
Defeat
🇦🇷 Huns · Argentina
260
+13
🇬🇧 Franks · United Kingdom
199
-13
NeededOcean3932
9:11 Loom
11:35 Feudal Age
12:03 Double-Bit Axe
16:48 Scale Barding Armor
18:29 Forging
19:46 Fletching
23:51 Gold Mining
24:49 Wheelbarrow
24:00 Town Watch
26:05 Padded Archer Armor
26:07 Scale Mail Armor
matiascronopios
10:11 Feudal Age
13:44 Double-Bit Axe
14:58 Horse Collar
18:53 Scale Barding Armor
21:36 Forging
25:39 Gold Mining
28:23 Castle Age
29:53 Husbandry
29:16 Crossbowman
29:18 Pikeman
30:49 Chain Barding Armor
30:31 Padded Archer Armor
Connection lost

Rejoining the realm…

Still unreachable

The connection could not be restored.

Session expired

The server has moved on; the page needs a fresh start.